 Dungeon Crawl Stone Soup version 0.31-a0-640-g39d97e502b (webtiles) character file.

Game seed: 17026362419670967076

69426 qw the Marksgargoyle (level 15, -11/100 HPs)
             Began as a Gargoyle Hunter on Aug 27, 2023.
             Was a High Priest of Okawaru.
             Mangled by an Executioner (12 damage)
             ... on level 2 of the Abyss.
             The game lasted 00:11:54 (18972 turns).

qw the Marksgargoyle (Gargoyle Hunter)             Turns: 18972, Time: 00:11:54

Health: -11/100    AC: 34    Str: 22    XL:     15   Next: 29%
Magic:  17/20      EV: 21    Int: 10    God:    Okawaru [*****.]
Gold:   944        SH:  5    Dex: 19    Spells: 14/14 levels left

rFire   . . .        t - +6 arbalest (flame)
rCold   + + .        (shield currently unavailable)
rNeg    + . .        s - +5 robe of Night {Dark Will+ SInv}
rPois   inf          i - +2 helmet
rElec   +            q - +2 cloak {rPois}
rCorr   .            k - +2 pair of gloves
SInv    +            j - +2 pair of boots
Will    ++...        e - amulet "Hyam" {Reflect rC++ SH+5}
Stlth   +++          (no ring)
HPRegen 0.36/turn    g - +6 ring of strength
MPRegen 0.17/turn

%: reflection
@: about to teleport, heroic, flying
A: sickness immunity, AC +11, big wings, negative energy resistance 1,
electricity resistance, torment resistance 1, petrification resistance, low MP 1
a: Renounce Religion, Heroism, Finesse, Duel


You were on level 2 of the Abyss.
You worshipped Okawaru.
Okawaru was extremely pleased with you.
You visited 3 branches of the dungeon, and saw 19 of its levels.
You visited the Abyss 1 time.

You collected 1537 gold pieces.
You spent 593 gold pieces at shops.


Innate Abilities, Weirdness & Mutations

You are immune to sickness and miasma.
Your stone body is resilient. (AC +11)
You are immune to poison.
Your large and strong wings let you fly.
You resist negative energy. (rN+)
You are resistant to electric shocks. (rElec)
You are resistant to unholy torment.
You are immune to petrification.
Your magical capacity is low. (-10% MP)


   Skills:
 - Level 14.1(19.1) Fighting
 - Level 18.0(23.0) Ranged Weapons
 - Level 9.1(14.1) Armour
 + Level 8.5(13.5) Dodging
 - Level 1.1(6.1) Stealth
 - Level 10.0 Invocations


You had 14 spell levels left.
You didn't know any spells.
Your spell library was empty.

Inventory:

Hand Weapons
 t - a +6 arbalest of flaming (weapon)
Armour
 b - a +0 leather armour of fire resistance
 i - a +2 helmet (worn)
 j - a +2 pair of boots (worn)
 k - a +2 pair of gloves (worn)
 q - a +2 cloak of poison resistance (worn)
 r - a +2 ring mail of cold resistance
 s - the +5 robe of Night (worn) {Dark Will+ SInv}
   (You found it on level 5 of the Lair of Beasts)

   Dark:      It shrouds the wearer in darkness, reducing the range at which
   they can see and be seen by others.
   Will+:     It increases your willpower.
   SInv:      It lets you see invisible.
Jewellery
 e - the amulet "Hyam" (around neck) {Reflect rC++ SH+5}
   (You acquired it on level 10 of the Dungeon)

   [amulet of reflection]

   Reflect:   It reflects blocked missile attacks.
   rC++:      It greatly protects you from cold.
   SH+5:      It affects your SH (+5).
 g - a +6 ring of strength (right hand)
 m - a ring of see invisible
 v - a +4 ring of protection
Scrolls
 a - 8 scrolls of identify
 f - 12 scrolls of teleportation
 n - a scroll of enchant armour
Potions
 c - 2 potions of haste
 d - 4 potions of enlightenment
 h - a potion of magic
 l - 4 potions of mutation
 o - a potion of resistance
 p - 3 potions of cancellation
 u - 3 potions of curing

Dungeon Overview and Level Annotations

Branches:
Dungeon (13/15)            Temple (1/1) D:5            Lair (5/5) D:11
 Shoals (0/4) Lair:3       Spider (0/4) Lair:3        Slime (0/5) Lair:5
    Orc (0/2) D:11
 Vaults: D:13-14

Altars:
Ashenzari
Cheibriados
Dithmenos
Elyvilon
Fedhas
Gozag
Hepliaklqana
Kikubaaqudgha
Makhleb
Nemelex Xobeh
Okawaru
Qazlal
Ru
Sif Muna
Trog
Uskayaw
Vehumet
Wu Jian
Xom
Yredelemnul
Zin
The Shining One
Jiyva

Shops:
D:4 *   D:6 (   D:8 ?   D:9 ?   D:10 [:?*   D:13 :

Annotations:
D:3 1 runed translucent door, qw's ghost, amateur GrHs


Message History

The Executioner hits you but does no damage. x4
18968 ||| INVOKING Heroism.
You gain the combat prowess of a mighty hero.
The Executioner hits you but does no damage.
You block the Executioner's attack. The Executioner barely misses you.
The Executioner hits you.
The Executioner hits you but does no damage. x2
A small abomination comes into view.
The Executioner hits you but does no damage.
The Executioner hits you.
The Executioner hits you but does no damage.
You shoot a bolt. The bolt hits the Executioner.
The Executioner is almost dead.
The Executioner misses you. You block the Executioner's attack. x2
The Executioner hits you!
The Executioner hits you but does no damage. x3
The Executioner misses you. x2
18970 ||| READING 13 scrolls of teleportation.
As you read the scroll of teleportation, it crumbles to dust.
You feel strangely unstable.
You feel the power of the Abyss delaying your translocation!
The Executioner hits you! You block the Executioner's attack.
The Executioner hits you but does no damage.
You block the Executioner's attack.
The Executioner hits you but does no damage.
You block the Executioner's attack.
The Executioner hits you but does no damage.
You block the Executioner's attack. The Executioner barely misses you.
You shoot a bolt. The bolt misses the Executioner.
The Executioner barely misses you.
The Executioner hits you but does no damage.
You block the Executioner's attack. The Executioner completely misses you.
The Executioner hits you but does no damage. x2
The Executioner hits you! The Executioner closely misses you.
The Executioner hits you but does no damage.
You shoot a bolt. The bolt barely misses the Executioner.
You block the Executioner's attack.
The Executioner hits you but does no damage.
The Executioner closely misses you. The Executioner hits you!
You die...

#. #.
####
##.....#
#.. ..# #
##..#.#.#
#
..#@1..#
. . #
#.##.##
.#.# ..
#. .... .
..#. . #
... # .
.. . ....
.# ..##
.. .# # .
.. .. ##.
.


You could see an Executioner (fast).

Vanquished Creatures
  A lorocyproca (Abyss:2)
  Snorg (Lair:3)
  6 hydras
  8 two-headed ogres
  A catoblepas (Lair:5)
  5 boulder beetles
  12 death yaks
  2 skysharks
  A fire crab (D:11)
  Pikel (D:6)
  A large abomination (Abyss:2)
  A deep elf pyromancer (D:10)
  3 cyclopes
  4 ugly things
  A shadow dragon skeleton (Abyss:2)
  A worldbinder (Abyss:2)
  5 black mambas
  A gargoyle (D:11)
  8 cane toads
  3 rime drakes (Lair:3)
  2 torpor snails (Lair:1)
  2 kobold demonologists (D:10)
  A hellion (Abyss:2)
  13 komodo dragons
  2 efreet
  A queen bee (Lair:1)
  8 trolls
  Grinder (D:5)
  4 polar bears
  6 hornets
  5 dream sheep
  17 blink frogs
  6 slime creatures
  3 shadows
  A vampire (D:10)
  A spriggan (shapeshifter) (D:10)
  7 wraiths
  Eustachio (D:3)
  50 yaks
  13 spriggans
  5 wyverns
  2 basilisks (Lair:2)
  2 steam dragons
  2 vampire mosquitoes (D:10)
  Grum (D:9)
  An acid dragon (D:10)
  Duvessa (D:6)
  13 water moccasins
  6 orc warriors
  2 ice beasts
  3 ogres
  4 boggarts (Lair:5)
  4 black bears
  15 centaurs
  26 wolves
  A lemure (D:6)
  Blork the orc (D:5)
  2 kobold brigands
  3 scorpions
  A gnoll sergeant (D:5)
  11 bullfrogs
  Dowan (D:6)
  7 wights
  25 killer bees
  2 electric eels (D:7)
  5 howler monkeys
  A hound (D:5)
  A gnoll bouda (D:5)
  6 orc priests
  5 jellies
  Jessica (D:2)
  13 orc wizards
  Ijyb (D:5)
  6 hell rats (Lair:4)
  Robin (D:2)
  7 gnolls
  6 adders
  6 white imps
  An ufetubus (D:4)
  4 worms
  2 dart slugs
  56 orcs
  5 ball pythons
  7 endoplasms
  10 giant cockroaches
  14 goblins
  12 hobgoblins
  7 jackals
  4 quokkas
  4 bats
  6 frilled lizards
  11 kobolds
  A rat (D:2)
554 creatures vanquished.

Vanquished Creatures (others)
  A kobold brigand (D:10)
1 creature vanquished.

Grand Total: 555 creatures vanquished

Notes
Turn   | Place    | Note
-------+----------+-------------------------------------------
     0 | D:1      | qw the Gargoyle Hunter began the quest for the Orb.
     0 | D:1      | Reached XP level 1. HP: 12/12 MP: 1/1
     0 | D:1      | 0 ||| qw: Version: 0.3-a-74-g0d5e918
     0 | D:1      | 0 ||| qw: Game counter: 20
     0 | D:1      | 0 ||| qw: Melee chars always use a shield: true
     0 | D:1      | 0 ||| qw: God list: Okawaru
     0 | D:1      | 0 ||| qw: Allow faded altars: false
     0 | D:1      | 0 ||| qw: Do Orc after clearing Dungeon:15 true
     0 | D:1      | 0 ||| qw: Do second Lair branch before Depths: true
     0 | D:1      | 0 ||| qw: Lair rune preference: random
     0 | D:1      | 0 ||| qw: Goals: Normal
     0 | D:1      | 0 ||| PLANNING D:1-11
   249 | D:1      | Reached XP level 2. HP: 17/17 MP: 2/2
   348 | D:1      | Found a faded altar of an unknown god.
   683 | D:1      | 683 ||| UPGRADING to +2 helmet.
   688 | D:1      | 688 ||| READING 2 scrolls labelled CEMULU SOBBO.
   689 | D:1      | 689 ||| READING scroll labelled RIERIN XIZXEORCH.
   692 | D:1      | 692 ||| DRINKING 2 bubbling purple potions.
   692 | D:1      | Gained mutation: You occasionally lose the ability to read
                  | scrolls when taking damage. [potion of mutation]
   692 | D:1      | Lost mutation: You occasionally lose the ability to read
                  | scrolls when taking damage. [potion of mutation]
   692 | D:1      | Gained mutation: You are vulnerable to cold. (rC-) [potion
                  | of mutation]
   693 | D:1      | 693 ||| DRINKING potion of mutation.
   693 | D:1      | Lost mutation: You are vulnerable to cold. (rC-) [potion of
                  | mutation]
   693 | D:1      | Gained mutation: You sometimes lose your temper in combat.
                  | [potion of mutation]
   693 | D:1      | Gained mutation: You are vulnerable to heat. (rF-) [potion
                  | of mutation]
   694 | D:1      | 694 ||| DROPPING scroll of butterflies.
   721 | D:2      | Reached XP level 3. HP: 21/21 MP: 3/3
   731 | D:2      | Reached skill level 5 in Ranged Weapons
   769 | D:2      | Noticed Robin
   794 | D:2      | Killed Robin
   800 | D:2      | Reached skill level 3 in Fighting
   800 | D:2      | HP: 1/23 [hobgoblin[Robin] (6)]
   807 | D:2      | HP: 1/23 [hobgoblin[Robin] (1)]
   990 | D:2      | Noticed Jessica
  1000 | D:2      | Killed Jessica
  1001 | D:2      | Reached XP level 4. HP: 20/28 MP: 4/4
  1001 | D:2      | 1001 ||| FLEEEEING.
  1002 | D:2      | 1002 ||| FLEEEEING.
  1003 | D:2      | 1003 ||| FLEEEEING.
  1004 | D:2      | 1004 ||| FLEEEEING.
  1006 | D:2      | 1006 ||| FLEEEEING.
  1007 | D:2      | 1007 ||| FLEEEEING.
  1008 | D:2      | 1008 ||| FLEEEEING.
  1009 | D:2      | 1009 ||| FLEEEEING.
  1010 | D:2      | 1010 ||| FLEEEEING.
  1011 | D:2      | 1011 ||| FLEEEEING.
  1012 | D:2      | 1012 ||| FLEEEEING.
  1013 | D:2      | 1013 ||| FLEEEEING.
  1014 | D:2      | 1014 ||| FLEEEEING.
  1016 | D:2      | 1016 ||| FLEEEEING.
  1017 | D:2      | 1017 ||| FLEEEEING.
  1018 | D:2      | 1018 ||| FLEEEEING.
  1019 | D:2      | 1019 ||| FLEEEEING.
  1020 | D:2      | 1020 ||| FLEEEEING.
  1021 | D:2      | 1021 ||| FLEEEEING.
  1022 | D:2      | 1022 ||| FLEEEEING.
  1023 | D:2      | 1023 ||| FLEEEEING.
  1578 | D:2      | 1578 ||| RETREATING.
  1579 | D:2      | 1579 ||| Stepping ~*~*~tactically~*~*~ (outnumbered).
  1592 | D:2      | 1592 ||| Stepping ~*~*~tactically~*~*~ (retreating).
  1593 | D:2      | 1593 ||| Stepping ~*~*~tactically~*~*~ (retreating).
  1594 | D:2      | 1594 ||| Stepping ~*~*~tactically~*~*~ (retreating).
  1602 | D:2      | Reached XP level 5. HP: 17/32 MP: 5/5
  1602 | D:2      | 1602 ||| FLEEEEING.
  1611 | D:2      | HP: 8/32 [gnoll/+0 spear (4)]
  1615 | D:2      | Reached skill level 6 in Ranged Weapons
  1621 | D:2      | HP: 3/32 [gnoll/+0 spear (6)]
  1955 | D:2      | Reached skill level 1 in Armour
  2033 | D:2      | 2033 ||| UPGRADING to +0 ring mail.
  2043 | D:2      | 2043 ||| DROPPING +0 leather armour.
  2044 | D:2      | 2044 ||| UPGRADING to +0 pair of gloves.
  2049 | D:2      | 2049 ||| UPGRADING to amulet of guardian spirit.
  2054 | D:2      | 2054 ||| UPGRADING to ring of see invisible.
  2055 | D:2      | 2055 ||| READING scroll labelled ZUENAWOLYM.
  2056 | D:2      | 2056 ||| READING scroll labelled INWUDI GYFU.
  2057 | D:2      | 2057 ||| READING scroll labelled ZIVITZ HEOSHA.
  2058 | D:2      | 2058 ||| READING scroll labelled OMECVA ATSOAFU.
  2059 | D:2      | 2059 ||| READING 2 scrolls of identify.
  2059 | D:2      | 2059 ||| IDENTIFYING emerald potion
  2288 | D:3      | Found a white marble altar of Elyvilon.
  2394 | D:3      | Found a runed translucent door.
  2399 | D:3      | Noticed qw's ghost (amateur GrHs)
  2427 | D:3      | 2427 ||| READING scroll labelled YTTEIGG AR YMI.
  2428 | D:3      | 2428 ||| READING scroll labelled VEMURCH AQASI.
  2533 | D:3      | 2533 ||| READING 2 scrolls labelled WODIHU PISO.
  2534 | D:3      | 2534 ||| READING 2 scrolls of identify.
  2534 | D:3      | 2534 ||| IDENTIFYING golden potion
  2535 | D:3      | 2535 ||| DROPPING scroll of fog.
  2536 | D:3      | 2536 ||| DROPPING potion of attraction.
  2553 | D:4      | Noticed Eustachio
  2555 | D:4      | 2555 ||| STAIRDANCE
  2576 | D:4      | 2576 ||| STAIRDANCE
  2650 | D:4      | 2650 ||| STAIRDANCE
  2653 | D:3      | 2653 ||| Stepping ~*~*~tactically~*~*~ (retreating).
  2654 | D:3      | 2654 ||| Stepping ~*~*~tactically~*~*~ (retreating).
  2655 | D:3      | 2655 ||| Stepping ~*~*~tactically~*~*~ (retreating).
  2656 | D:3      | 2656 ||| Stepping ~*~*~tactically~*~*~ (retreating).
  2669 | D:3      | 2669 ||| FLEEEEING.
  2671 | D:3      | 2671 ||| RETREATING.
  2684 | D:3      | Killed Eustachio
  2685 | D:3      | Reached XP level 6. HP: 38/40 MP: 6/6
  2695 | D:3      | 2695 ||| UPGRADING to +0 leather armour of fire resistance.
  2969 | D:4      | 2969 ||| DRINKING 2 potions of curing.
  2969 | D:4      | 2969 ||| (to cure confusion)
  2971 | D:4      | Reached XP level 7. HP: 44/44 MP: 5/7
  3052 | D:4      | 3052 ||| DRINKING potion of mutation.
  3052 | D:4      | Lost mutation: You are vulnerable to heat. (rF-) [potion of
                  | mutation]
  3052 | D:4      | Lost mutation: You sometimes lose your temper in combat.
                  | [potion of mutation]
  3052 | D:4      | Gained mutation: Your magical capacity is low. (-10% MP)
                  | [potion of mutation]
  3266 | D:4      | Reached skill level 7 in Ranged Weapons
  3318 | D:4      | Found Zagyitou's General Store.
  3329 | D:4      | 3329 ||| BUYING +1 leather armour "Biohout" {Harm} (140
                  | gold).
  3329 | D:4      | Bought the +1 leather armour "Biohout" {Harm} for 140 gold
                  | pieces
  3451 | D:4      | 3451 ||| UPGRADING to +2 pair of boots.
  3456 | D:4      | 3456 ||| READING 2 scrolls labelled VAEKE QENTA.
  3457 | D:4      | 3457 ||| DROPPING scroll of amnesia.
  3485 | D:5      | Entered Level 5 of the Dungeon
  3570 | D:5      | Noticed Blork the orc
  3588 | D:5      | Killed Blork the orc
  3709 | D:5      | Noticed Ijyb
  3718 | D:5      | 3718 ||| DRINKING potion of curing.
  3718 | D:5      | 3718 ||| (to cure confusion)
  3727 | D:5      | Killed Ijyb
  3795 | D:5      | Noticed Grinder
  3796 | D:5      | 3796 ||| RETREATING.
  3860 | D:5      | Identified the +7 flail of Dishonesty {flame, rPois rF+}
  3867 | D:5      | 3867 ||| FLEEEEING.
  3868 | D:5      | 3868 ||| RETREATING.
  3870 | D:5      | 3870 ||| FLEEEEING.
  3871 | D:5      | 3871 ||| FLEEEEING.
  3878 | D:5      | 3878 ||| Stepping ~*~*~tactically~*~*~ (outnumbered).
  3883 | D:5      | 3883 ||| Stepping ~*~*~tactically~*~*~ (water).
  4010 | D:5      | Reached skill level 8 in Ranged Weapons
  4022 | D:5      | Found a staircase to the Ecumenical Temple.
  4023 | D:5      | 4023 ||| PLANNING TEMPLE
  4023 | D:5      | 4023 ||| DROPPING +0 ring mail.
  4024 | D:5      | 4024 ||| DROPPING +1 leather armour "Biohout" {Harm}.
  4025 | D:5      | 4025 ||| UPGRADING to +1 cloak of poison resistance.
  4030 | D:5      | 4030 ||| UPGRADING to +6 ring of strength.
  4031 | D:5      | 4031 ||| DRINKING 2 yellow potions.
  4032 | D:5      | 4032 ||| DRINKING 2 glowing golden potions.
  4033 | D:5      | 4033 ||| READING 2 scrolls of identify.
  4033 | D:5      | 4033 ||| IDENTIFYING amethyst potion
  4034 | D:5      | 4034 ||| DROPPING potion of brilliance.
  4042 | Temple   | Entered the Ecumenical Temple
  4043 | Temple   | 4043 ||| PLANNING D:1-11
  4106 | D:5      | Reached XP level 8. HP: 43/49 MP: 5/7
  4197 | D:5      | Paralysed by Grinder for 4 turns
  4209 | D:5      | Killed Grinder
  4310 | D:5      | Found a glowing silver altar of Zin.
  4360 | D:5      | Reached skill level 9 in Ranged Weapons
  4393 | D:5      | Found a hazy altar of Hepliaklqana.
  4394 | D:5      | Found a faded altar of an unknown god.
  4526 | D:6      | Reached skill level 6 in Fighting
  4706 | D:6      | Noticed Pikel
  4708 | D:6      | 4708 ||| RETREATING.
  4710 | D:6      | 4710 ||| RETREATING.
  4712 | D:6      | 4712 ||| RETREATING.
  4714 | D:6      | 4714 ||| Stepping ~*~*~tactically~*~*~ (retreating).
  4745 | D:6      | Killed Pikel
  4746 | D:6      | Reached skill level 10 in Ranged Weapons
  4746 | D:6      | Reached XP level 9. HP: 40/56 MP: 5/8
  4847 | D:6      | Found a broken altar of Ashenzari.
  4889 | D:6      | Reached skill level 3 in Dodging
  4900 | D:6      | Noticed Dowan
  4906 | D:6      | Noticed Duvessa
  4909 | D:6      | 4909 ||| Stepping ~*~*~tactically~*~*~ (retreating).
  4910 | D:6      | 4910 ||| Stepping ~*~*~tactically~*~*~ (retreating).
  4911 | D:6      | 4911 ||| Stepping ~*~*~tactically~*~*~ (retreating).
  4912 | D:6      | 4912 ||| Stepping ~*~*~tactically~*~*~ (retreating).
  4932 | D:6      | Killed Duvessa
  4933 | D:6      | Reached skill level 3 in Armour
  4985 | D:6      | Killed Dowan
  5123 | D:6      | 5123 ||| READING scroll of enchant weapon.
  5123 | D:6      | 5123 ||| ENCHANTING +1 shortbow.
  5141 | D:6      | Found Edos's Antique Weapon Shoppe.
  5272 | D:6      | 5272 ||| Stepping ~*~*~tactically~*~*~ (outnumbered).
  5274 | D:6      | 5274 ||| Stepping ~*~*~tactically~*~*~ (outnumbered).
  5276 | D:6      | 5276 ||| Stepping ~*~*~tactically~*~*~ (outnumbered).
  5610 | D:6      | 5610 ||| READING scroll labelled DUMPOIHAEP.
  5642 | D:6      | 5642 ||| READING scroll labelled ACURHO XOUNLAE.
  5643 | D:6      | 5643 ||| READING scroll labelled XAFESIKASA.
  5644 | D:6      | 5644 ||| READING scroll labelled CEROMI KIWI.
  5822 | D:7      | 5822 ||| READING 4 scrolls of identify.
  5822 | D:7      | 5822 ||| IDENTIFYING cyan potion
  5823 | D:7      | 5823 ||| READING 3 scrolls of identify.
  5823 | D:7      | 5823 ||| IDENTIFYING glowing red potion
  5825 | D:7      | 5825 ||| DROPPING potion of ambrosia.
  6028 | D:7      | Found an iron altar of Okawaru.
  6029 | D:7      | 6029 ||| PLANNING OKAWARU WORSHIP
  6029 | D:7      | 6029 ||| READING 2 scrolls of identify.
  6029 | D:7      | 6029 ||| IDENTIFYING fizzy grey potion
  6037 | D:7      | Became a worshipper of Warmaster Okawaru
  6038 | D:7      | 6038 ||| PLANNING D:1-11
  6038 | D:7      | 6038 ||| REMOVING amulet of guardian spirit.
  6103 | D:7      | 6103 ||| DROPPING amulet of guardian spirit.
  6173 | D:8      | 6173 ||| RETREATING.
  6182 | D:8      | Reached skill level 11 in Ranged Weapons
  6350 | D:8      | Reached * piety under Okawaru
  6415 | D:8      | Found Ewajo's Magic Scroll Boutique.
  6423 | D:8      | 6423 ||| BUYING 2 scrolls of teleportation (78 gold).
  6423 | D:8      | Bought 2 scrolls of teleportation for 78 gold pieces
  6423 | D:8      | 6423 ||| SHOPLISTING scroll of acquirement (676 gold, have
                  | 255).
  6423 | D:8      | 6423 ||| BUYING scroll of enchant armour (97 gold).
  6423 | D:8      | Bought a scroll of enchant armour for 97 gold pieces
  6423 | D:8      | 6423 ||| BUYING scroll of identify (26 gold).
  6423 | D:8      | Bought a scroll of identify for 26 gold pieces
  6423 | D:8      | 6423 ||| BUYING scroll of identify (26 gold).
  6423 | D:8      | Bought a scroll of identify for 26 gold pieces
  6423 | D:8      | 6423 ||| BUYING scroll of teleportation (39 gold).
  6423 | D:8      | Bought a scroll of teleportation for 39 gold pieces
  6423 | D:8      | 6423 ||| READING scroll of enchant armour.
  6423 | D:8      | 6423 ||| ENCHANTING +0 pair of gloves.
  6440 | D:8      | Reached skill level 1 in Invocations
  6508 | D:8      | Reached XP level 10. HP: 56/64 MP: 8/10
  6824 | D:8      | 6824 ||| INVOKING Heroism.
  6833 | D:8      | Reached skill level 3 in Invocations
  7193 | D:8      | 7193 ||| READING 4 scrolls of identify.
  7193 | D:8      | 7193 ||| IDENTIFYING murky orange potion
  7235 | D:9      | Found a sacrificial altar of Ru.
  7236 | D:9      | 7236 ||| INVOKING Heroism.
  7327 | D:9      | Found a blossoming altar of Fedhas.
  7332 | D:9      | Found a sparkling altar of Nemelex Xobeh.
  7333 | D:9      | 7333 ||| Stepping ~*~*~tactically~*~*~ (outnumbered).
  7335 | D:9      | 7335 ||| INVOKING Heroism.
  7340 | D:9      | 7340 ||| Stepping ~*~*~tactically~*~*~ (outnumbered).
  7369 | D:9      | Found a shadowy altar of Dithmenos.
  7399 | D:9      | 7399 ||| RETREATING.
  7700 | D:9      | Reached skill level 12 in Ranged Weapons
  7727 | D:9      | Found a stormy altar of Qazlal.
  7765 | D:9      | 7765 ||| INVOKING Heroism.
  7774 | D:9      | 7774 ||| FLEEEEING.
  7775 | D:9      | 7775 ||| FLEEEEING.
  7776 | D:9      | 7776 ||| FLEEEEING.
  7777 | D:9      | 7777 ||| FLEEEEING.
  7778 | D:9      | 7778 ||| FLEEEEING.
  7779 | D:9      | 7779 ||| FLEEEEING.
  7780 | D:9      | 7780 ||| FLEEEEING.
  7781 | D:9      | 7781 ||| FLEEEEING.
  7782 | D:9      | 7782 ||| FLEEEEING.
  7783 | D:9      | 7783 ||| FLEEEEING.
  7784 | D:9      | 7784 ||| FLEEEEING.
  7785 | D:9      | 7785 ||| FLEEEEING.
  7786 | D:9      | 7786 ||| FLEEEEING.
  7787 | D:9      | 7787 ||| FLEEEEING.
  7788 | D:9      | 7788 ||| FLEEEEING.
  7789 | D:9      | 7789 ||| FLEEEEING.
  7790 | D:9      | 7790 ||| FLEEEEING.
  7791 | D:9      | 7791 ||| FLEEEEING.
  7792 | D:9      | 7792 ||| FLEEEEING.
  7794 | D:9      | 7794 ||| INVOKING Heroism.
  7801 | D:9      | 7801 ||| FLEEEEING.
  7802 | D:9      | 7802 ||| FLEEEEING.
  7803 | D:9      | 7803 ||| FLEEEEING.
  7804 | D:9      | 7804 ||| FLEEEEING.
  7805 | D:9      | 7805 ||| FLEEEEING.
  7806 | D:9      | 7806 ||| FLEEEEING.
  7807 | D:9      | 7807 ||| FLEEEEING.
  7808 | D:9      | 7808 ||| FLEEEEING.
  7809 | D:9      | 7809 ||| FLEEEEING.
  7810 | D:9      | 7810 ||| FLEEEEING.
  7811 | D:9      | 7811 ||| FLEEEEING.
  7812 | D:9      | 7812 ||| FLEEEEING.
  7813 | D:9      | 7813 ||| FLEEEEING.
  7819 | D:9      | 7819 ||| STAIRDANCE
  7942 | D:8      | 7942 ||| DROPPING +1 leather armour of positive energy.
  7943 | D:8      | 7943 ||| UPGRADING to +2 ring mail of cold resistance.
  8087 | D:9      | 8087 ||| READING scroll of enchant armour.
  8087 | D:9      | 8087 ||| ENCHANTING +1 pair of gloves.
  8115 | D:9      | Noticed Grum
  8116 | D:9      | 8116 ||| INVOKING Heroism.
  8125 | D:9      | Killed Grum
  8150 | D:9      | 8150 ||| INVOKING Heroism.
  8170 | D:9      | Found Jetsula's Magic Scroll Shoppe.
  8290 | D:9      | 8290 ||| DROPPING ring of flight.
  8324 | D:10     | Entered Level 10 of the Dungeon
  8354 | D:10     | 8354 ||| RETREATING.
  8364 | D:10     | 8364 ||| Stepping ~*~*~tactically~*~*~ (outnumbered).
  8389 | D:10     | Noticed a two-headed ogre
  8390 | D:10     | 8390 ||| INVOKING Heroism.
  8400 | D:10     | Killed a two-headed ogre
  8400 | D:10     | Reached ** piety under Okawaru
  8449 | D:10     | Found Tohe's Book Shop.
  8514 | D:10     | Found Foqakk's Magic Scroll Shoppe.
  8523 | D:10     | 8523 ||| BUYING scroll of enchant armour (82 gold).
  8523 | D:10     | Bought a scroll of enchant armour for 82 gold pieces
  8523 | D:10     | 8523 ||| BUYING scroll of identify (22 gold).
  8523 | D:10     | Bought a scroll of identify for 22 gold pieces
  8523 | D:10     | 8523 ||| BUYING scroll of identify (22 gold).
  8523 | D:10     | Bought a scroll of identify for 22 gold pieces
  8523 | D:10     | 8523 ||| BUYING scroll of teleportation (33 gold).
  8523 | D:10     | Bought a scroll of teleportation for 33 gold pieces
  8523 | D:10     | 8523 ||| READING scroll of enchant armour.
  8523 | D:10     | 8523 ||| ENCHANTING +1 cloak of poison resistance.
  8545 | D:10     | Found Rasum's Armour Emporium.
  8548 | D:10     | 8548 ||| SHOPLISTING +1 cloak of Starlight {*Dazzle EV+4
                  | Stlth--} (488 gold, have 43).
  8548 | D:10     | 8548 ||| SHOPLISTING -1 pair of gloves "Ruut" {Dex+5} (272
                  | gold, have 43).
  8617 | D:10     | Noticed a two-headed ogre
  8618 | D:10     | 8618 ||| INVOKING Heroism.
  8623 | D:10     | Killed a two-headed ogre
  8624 | D:10     | Reached skill level 13 in Ranged Weapons
  8624 | D:10     | Reached XP level 11. HP: 68/68 MP: 9/12
  8689 | D:10     | 8689 ||| Stepping ~*~*~tactically~*~*~ (outnumbered).
  8693 | D:10     | 8693 ||| INVOKING Heroism.
  8752 | D:10     | Found Aschos Daick's Assorted Antiques.
  8761 | D:10     | 8761 ||| SHOPLISTING pair of runed gloves (210 gold, have
                  | 43).
  8761 | D:10     | 8761 ||| BUYING scroll labelled HYXEMA GABRAMOYG (28 gold).
  8761 | D:10     | Bought a scroll labelled HYXEMA GABRAMOYG for 28 gold
                  | pieces
  8761 | D:10     | 8761 ||| SHOPLISTING scroll of identify (56 gold, have 15).
  8761 | D:10     | 8761 ||| SHOPLISTING silver wand (112 gold, have 15).
  8876 | D:10     | 8876 ||| INVOKING Heroism.
  9097 | D:10     | 9097 ||| READING scroll labelled HYXEMA GABRAMOYG.
  9097 | D:10     | 9097 ||| ACQUIRING amulet "Hyam" {Reflect rC++ SH+5}
  9097 | D:10     | Acquired the amulet "Hyam" {Reflect rC++ SH+5}
  9099 | D:10     | 9099 ||| UPGRADING to amulet "Hyam" {Reflect rC++ SH+5}.
  9115 | D:9      | 9115 ||| SHOPLISTING 2 scrolls of enchant weapon (195 gold,
                  | have 23).
  9115 | D:9      | 9115 ||| SHOPLISTING scroll of enchant armour (97 gold,
                  | have 23).
  9115 | D:9      | 9115 ||| SHOPLISTING scroll of identify (26 gold, have 23).
  9115 | D:9      | 9115 ||| SHOPLISTING scroll of teleportation (39 gold, have
                  | 23).
  9172 | D:10     | Reached skill level 9 in Fighting
  9190 | D:10     | 9190 ||| INVOKING Heroism.
  9205 | D:10     | 9205 ||| INVOKING Heroism.
  9223 | D:10     | 9223 ||| INVOKING Heroism.
  9310 | D:10     | Noticed a boulder beetle
  9311 | D:10     | 9311 ||| INVOKING Heroism.
  9314 | D:10     | 9314 ||| RETREATING.
  9318 | D:10     | 9318 ||| Stepping ~*~*~tactically~*~*~ (retreating).
  9331 | D:10     | Killed a boulder beetle
  9342 | D:10     | Reached skill level 14 in Ranged Weapons
  9358 | D:10     | 9358 ||| SWAPPING to +0 orcbow of draining.
  9359 | D:10     | 9359 ||| DROPPING +2 shortbow of flaming.
  9389 | D:10     | Noticed a boulder beetle
  9389 | D:10     | 9389 ||| INVOKING Heroism.
  9409 | D:10     | Noticed a fire crab
  9415 | D:10     | 9415 ||| INVOKING Heroism.
  9416 | D:10     | 9416 ||| Stepping ~*~*~tactically~*~*~ (retreating).
  9417 | D:10     | 9417 ||| Stepping ~*~*~tactically~*~*~ (retreating).
  9418 | D:10     | 9418 ||| Stepping ~*~*~tactically~*~*~ (retreating).
  9419 | D:10     | 9419 ||| Stepping ~*~*~tactically~*~*~ (retreating).
  9420 | D:10     | 9420 ||| Stepping ~*~*~tactically~*~*~ (retreating).
  9437 | D:10     | a fire crab changed into a spriggan
  9441 | D:10     | Reached skill level 6 in Armour
  9445 | D:10     | 9445 ||| INVOKING Heroism.
  9448 | D:10     | Killed a boulder beetle
  9459 | D:10     | Noticed a green ugly thing
  9468 | D:10     | Killed a green ugly thing
  9560 | D:10     | Noticed a two-headed ogre
  9561 | D:10     | 9561 ||| RETREATING.
  9562 | D:10     | 9562 ||| INVOKING Heroism.
  9563 | D:10     | 9563 ||| Stepping ~*~*~tactically~*~*~ (retreating).
  9574 | D:10     | Killed a two-headed ogre
  9574 | D:10     | Reached *** piety under Okawaru
  9587 | D:10     | 9587 ||| Stepping ~*~*~tactically~*~*~ (retreating).
  9588 | D:10     | 9588 ||| INVOKING Heroism.
  9589 | D:10     | 9589 ||| Stepping ~*~*~tactically~*~*~ (retreating).
  9596 | D:10     | Noticed a soul eater
  9596 | D:10     | 9596 ||| Stepping ~*~*~tactically~*~*~ (retreating).
  9597 | D:10     | 9597 ||| Stepping ~*~*~tactically~*~*~ (retreating).
  9598 | D:10     | 9598 ||| Stepping ~*~*~tactically~*~*~ (retreating).
  9599 | D:10     | 9599 ||| RETREATING.
  9600 | D:10     | 9600 ||| Stepping ~*~*~tactically~*~*~ (retreating).
  9603 | D:10     | 9603 ||| Stepping ~*~*~tactically~*~*~ (retreating).
  9604 | D:10     | 9604 ||| Stepping ~*~*~tactically~*~*~ (retreating).
  9605 | D:10     | 9605 ||| Stepping ~*~*~tactically~*~*~ (retreating).
  9606 | D:10     | 9606 ||| Stepping ~*~*~tactically~*~*~ (retreating).
  9608 | D:10     | 9608 ||| Stepping ~*~*~tactically~*~*~ (retreating).
  9609 | D:10     | 9609 ||| INVOKING Heroism.
  9612 | D:10     | 9612 ||| Stepping ~*~*~tactically~*~*~ (retreating).
  9613 | D:10     | 9613 ||| Stepping ~*~*~tactically~*~*~ (retreating).
  9614 | D:10     | 9614 ||| Stepping ~*~*~tactically~*~*~ (retreating).
  9615 | D:10     | 9615 ||| Stepping ~*~*~tactically~*~*~ (retreating).
  9616 | D:10     | 9616 ||| Stepping ~*~*~tactically~*~*~ (retreating).
  9618 | D:10     | 9618 ||| Stepping ~*~*~tactically~*~*~ (retreating).
  9619 | D:10     | 9619 ||| Stepping ~*~*~tactically~*~*~ (retreating).
  9621 | D:10     | 9621 ||| RETREATING.
  9635 | D:10     | Noticed a sixfirhy
  9635 | D:10     | 9635 ||| Stepping ~*~*~tactically~*~*~ (retreating).
  9636 | D:10     | 9636 ||| Stepping ~*~*~tactically~*~*~ (retreating).
  9638 | D:10     | 9638 ||| Stepping ~*~*~tactically~*~*~ (retreating).
  9639 | D:10     | 9639 ||| Stepping ~*~*~tactically~*~*~ (retreating).
  9640 | D:10     | 9640 ||| INVOKING Heroism.
  9642 | D:10     | 9642 ||| Stepping ~*~*~tactically~*~*~ (retreating).
  9643 | D:10     | 9643 ||| Stepping ~*~*~tactically~*~*~ (retreating).
  9645 | D:10     | 9645 ||| Stepping ~*~*~tactically~*~*~ (retreating).
  9672 | D:10     | 9672 ||| FLEEEEING.
  9817 | D:10     | 9817 ||| INVOKING Heroism.
  9948 | D:10     | Noticed a deep elf pyromancer
  9967 | D:10     | 9967 ||| INVOKING Heroism.
  9981 | D:10     | Killed a deep elf pyromancer
  9982 | D:10     | Reached skill level 15 in Ranged Weapons
  9982 | D:10     | Reached XP level 12. HP: 23/77 MP: 11/13
 10213 | D:10     | 10213 ||| INVOKING Heroism.
 10287 | D:10     | 10287 ||| DRINKING potion of curing.
 10287 | D:10     | 10287 ||| (to cure confusion)
 10513 | D:10     | 10513 ||| DROPPING +1 hat.
 10531 | D:11     | 10531 ||| STAIRDANCE
 10622 | D:11     | 10622 ||| INVOKING Heroism.
 10673 | D:11     | Found a staircase to the Lair.
 10693 | D:11     | 10693 ||| FLEEEEING.
 10867 | D:11     | Noticed a two-headed ogre
 10875 | D:11     | Killed a two-headed ogre
 10876 | D:11     | Reached skill level 16 in Ranged Weapons
 10901 | D:11     | 10901 ||| Stepping ~*~*~tactically~*~*~ (outnumbered).
 10944 | D:11     | Found a staircase to the Orcish Mines.
 10955 | D:11     | Reached **** piety under Okawaru
 11193 | D:11     | Noticed a two-headed ogre
 11197 | D:11     | 11197 ||| RETREATING.
 11199 | D:11     | Killed a two-headed ogre
 11200 | D:11     | 11200 ||| FLEEEEING.
 11201 | D:11     | 11201 ||| FLEEEEING.
 11202 | D:11     | 11202 ||| FLEEEEING.
 11203 | D:11     | 11203 ||| FLEEEEING.
 11204 | D:11     | 11204 ||| FLEEEEING.
 11205 | D:11     | 11205 ||| FLEEEEING.
 11206 | D:11     | 11206 ||| FLEEEEING.
 11237 | D:11     | 11237 ||| PLANNING LAIR
 11237 | D:11     | 11237 ||| READING scroll labelled FAOFOPS XONGISM.
 11238 | D:11     | 11238 ||| READING 6 scrolls of identify.
 11238 | D:11     | 11238 ||| IDENTIFYING bubbling orange potion
 11239 | D:11     | 11239 ||| DROPPING potion of degeneration.
 11246 | Lair:1   | Entered Level 1 of the Lair of Beasts
 11351 | Lair:1   | 11351 ||| RETREATING.
 11354 | Lair:1   | 11354 ||| Stepping ~*~*~tactically~*~*~ (retreating).
 11355 | Lair:1   | 11355 ||| Stepping ~*~*~tactically~*~*~ (retreating).
 11356 | Lair:1   | 11356 ||| Stepping ~*~*~tactically~*~*~ (retreating).
 11459 | Lair:1   | 11459 ||| Stepping ~*~*~tactically~*~*~ (retreating).
 11460 | Lair:1   | 11460 ||| Stepping ~*~*~tactically~*~*~ (retreating).
 11461 | Lair:1   | 11461 ||| Stepping ~*~*~tactically~*~*~ (retreating).
 11462 | Lair:1   | 11462 ||| Stepping ~*~*~tactically~*~*~ (retreating).
 11463 | Lair:1   | 11463 ||| Stepping ~*~*~tactically~*~*~ (retreating).
 11464 | Lair:1   | 11464 ||| Stepping ~*~*~tactically~*~*~ (retreating).
 11465 | Lair:1   | 11465 ||| Stepping ~*~*~tactically~*~*~ (retreating).
 11466 | Lair:1   | 11466 ||| Stepping ~*~*~tactically~*~*~ (retreating).
 11467 | Lair:1   | 11467 ||| Stepping ~*~*~tactically~*~*~ (retreating).
 11468 | Lair:1   | 11468 ||| Stepping ~*~*~tactically~*~*~ (retreating).
 11469 | Lair:1   | 11469 ||| Stepping ~*~*~tactically~*~*~ (retreating).
 11470 | Lair:1   | 11470 ||| Stepping ~*~*~tactically~*~*~ (retreating).
 11471 | Lair:1   | 11471 ||| INVOKING Heroism.
 11472 | Lair:1   | 11472 ||| Stepping ~*~*~tactically~*~*~ (retreating).
 11473 | Lair:1   | 11473 ||| Stepping ~*~*~tactically~*~*~ (retreating).
 11474 | Lair:1   | 11474 ||| Stepping ~*~*~tactically~*~*~ (retreating).
 11475 | Lair:1   | 11475 ||| Stepping ~*~*~tactically~*~*~ (retreating).
 11476 | Lair:1   | 11476 ||| Stepping ~*~*~tactically~*~*~ (retreating).
 11477 | Lair:1   | 11477 ||| Stepping ~*~*~tactically~*~*~ (retreating).
 11478 | Lair:1   | 11478 ||| Stepping ~*~*~tactically~*~*~ (retreating).
 11640 | Lair:1   | 11640 ||| INVOKING Heroism.
 11646 | Lair:1   | Reached skill level 6 in Invocations
 11681 | Lair:1   | 11681 ||| INVOKING Heroism.
 11757 | Lair:1   | 11757 ||| READING scroll of brand weapon.
 11757 | Lair:1   | 11757 ||| BRANDING +0 orcbow of draining.
 11794 | Lair:1   | 11794 ||| INVOKING Heroism.
 11888 | Lair:1   | 11888 ||| Stepping ~*~*~tactically~*~*~ (retreating).
 11918 | Lair:1   | 11918 ||| RETREATING.
 11922 | Lair:1   | 11922 ||| Stepping ~*~*~tactically~*~*~ (retreating).
 11923 | Lair:1   | 11923 ||| Stepping ~*~*~tactically~*~*~ (retreating).
 11928 | Lair:1   | Reached XP level 13. HP: 84/84 MP: 16/16
 12275 | Lair:1   | 12275 ||| INVOKING Heroism.
 12363 | Lair:1   | 12363 ||| READING 5 scrolls of identify.
 12363 | Lair:1   | 12363 ||| IDENTIFYING fuming black potion
 12364 | Lair:1   | 12364 ||| READING 4 scrolls of identify.
 12364 | Lair:1   | 12364 ||| IDENTIFYING black potion
 12365 | Lair:1   | 12365 ||| DROPPING potion of berserk rage.
 12441 | Lair:2   | 12441 ||| INVOKING Heroism.
 12568 | Lair:2   | 12568 ||| Stepping ~*~*~tactically~*~*~ (retreating).
 12569 | Lair:2   | 12569 ||| Stepping ~*~*~tactically~*~*~ (retreating).
 12570 | Lair:2   | 12570 ||| Stepping ~*~*~tactically~*~*~ (retreating).
 12598 | Lair:2   | 12598 ||| FLEEEEING.
 12599 | Lair:2   | 12599 ||| FLEEEEING.
 12600 | Lair:2   | 12600 ||| INVOKING Heroism.
 12643 | Lair:2   | 12643 ||| Stepping ~*~*~tactically~*~*~ (retreating).
 12646 | Lair:2   | 12646 ||| Stepping ~*~*~tactically~*~*~ (retreating).
 12647 | Lair:2   | 12647 ||| Stepping ~*~*~tactically~*~*~ (retreating).
 12648 | Lair:2   | 12648 ||| Stepping ~*~*~tactically~*~*~ (retreating).
 12649 | Lair:2   | 12649 ||| Stepping ~*~*~tactically~*~*~ (retreating).
 12650 | Lair:2   | 12650 ||| Stepping ~*~*~tactically~*~*~ (retreating).
 12652 | Lair:2   | 12652 ||| Stepping ~*~*~tactically~*~*~ (retreating).
 12653 | Lair:2   | 12653 ||| INVOKING Heroism.
 13336 | Lair:3   | 13336 ||| INVOKING Heroism.
 13341 | Lair:3   | 13341 ||| STAIRDANCE
 13373 | Lair:3   | Reached skill level 9 in Invocations
 13427 | Lair:3   | 13427 ||| Stepping ~*~*~tactically~*~*~ (outnumbered).
 13446 | Lair:3   | Found a staircase to the Shoals.
 13467 | Lair:3   | Found a hole to the Spider Nest.
 13561 | Lair:3   | Noticed Snorg
 13562 | Lair:3   | 13562 ||| INVOKING Heroism.
 13570 | Lair:3   | Killed Snorg
 13571 | Lair:3   | Reached skill level 12 in Fighting
 13595 | Lair:3   | Reached ***** piety under Okawaru
 13623 | Lair:3   | 13623 ||| INVOKING Heroism.
 13629 | Lair:3   | 13629 ||| RETREATING.
 13634 | Lair:3   | 13634 ||| Stepping ~*~*~tactically~*~*~ (retreating).
 13635 | Lair:3   | 13635 ||| Stepping ~*~*~tactically~*~*~ (retreating).
 13636 | Lair:3   | 13636 ||| Stepping ~*~*~tactically~*~*~ (retreating).
 13638 | Lair:3   | 13638 ||| INVOKING Finesse.
 13658 | Lair:3   | Reached skill level 6 in Dodging
 13658 | Lair:3   | HP: 13/86 [death yak (19)]
 13659 | Lair:3   | 13659 ||| READING 13 scrolls of teleportation.
 13660 | Lair:3   | 13660 ||| DRINKING potion of heal wounds.
 13699 | Lair:3   | 13699 ||| FLEEEEING.
 13700 | Lair:3   | 13700 ||| FLEEEEING.
 13701 | Lair:3   | 13701 ||| FLEEEEING.
 13702 | Lair:3   | 13702 ||| INVOKING Heroism.
 13703 | Lair:3   | 13703 ||| INVOKING Finesse.
 14055 | Lair:3   | 14055 ||| INVOKING Heroism.
 14392 | Lair:4   | 14392 ||| INVOKING Heroism.
 14426 | Lair:4   | 14426 ||| RETREATING.
 14431 | Lair:4   | 14431 ||| INVOKING Heroism.
 14435 | Lair:4   | 14435 ||| Stepping ~*~*~tactically~*~*~ (retreating).
 14437 | Lair:4   | 14437 ||| Stepping ~*~*~tactically~*~*~ (retreating).
 14438 | Lair:4   | 14438 ||| Stepping ~*~*~tactically~*~*~ (retreating).
 14439 | Lair:4   | 14439 ||| Stepping ~*~*~tactically~*~*~ (retreating).
 14551 | Lair:4   | 14551 ||| INVOKING Heroism.
 14611 | Lair:4   | 14611 ||| INVOKING Heroism.
 14726 | Lair:4   | 14726 ||| INVOKING Heroism.
 14732 | Lair:4   | Received a gift from Okawaru
 14733 | Lair:4   | Gained mutation: Your large and strong wings let you fly.
                  | [Gargoyle growth]
 14733 | Lair:4   | Reached XP level 14. HP: 94/94 MP: 17/19
 14768 | Lair:4   | 14768 ||| RETREATING.
 14780 | Lair:4   | 14780 ||| Stepping ~*~*~tactically~*~*~ (retreating).
 14985 | Lair:4   | 14985 ||| RETREATING.
 14999 | Lair:4   | 14999 ||| Stepping ~*~*~tactically~*~*~ (retreating).
 15000 | Lair:4   | 15000 ||| Stepping ~*~*~tactically~*~*~ (retreating).
 15001 | Lair:4   | 15001 ||| Stepping ~*~*~tactically~*~*~ (retreating).
 15002 | Lair:4   | 15002 ||| Stepping ~*~*~tactically~*~*~ (retreating).
 15003 | Lair:4   | 15003 ||| Stepping ~*~*~tactically~*~*~ (retreating).
 15004 | Lair:4   | 15004 ||| Stepping ~*~*~tactically~*~*~ (retreating).
 15005 | Lair:4   | 15005 ||| Stepping ~*~*~tactically~*~*~ (retreating).
 15006 | Lair:4   | 15006 ||| Stepping ~*~*~tactically~*~*~ (retreating).
 15007 | Lair:4   | 15007 ||| Stepping ~*~*~tactically~*~*~ (retreating).
 15012 | Lair:4   | 15012 ||| Stepping ~*~*~tactically~*~*~ (retreating).
 15013 | Lair:4   | 15013 ||| Stepping ~*~*~tactically~*~*~ (retreating).
 15014 | Lair:4   | 15014 ||| Stepping ~*~*~tactically~*~*~ (retreating).
 15015 | Lair:4   | 15015 ||| Stepping ~*~*~tactically~*~*~ (retreating).
 15016 | Lair:4   | 15016 ||| Stepping ~*~*~tactically~*~*~ (retreating).
 15017 | Lair:4   | 15017 ||| Stepping ~*~*~tactically~*~*~ (retreating).
 15018 | Lair:4   | 15018 ||| Stepping ~*~*~tactically~*~*~ (retreating).
 15022 | Lair:4   | Reached skill level 9 in Armour
 15198 | Lair:4   | 15198 ||| Stepping ~*~*~tactically~*~*~ (retreating).
 15200 | Lair:4   | 15200 ||| Stepping ~*~*~tactically~*~*~ (retreating).
 15201 | Lair:4   | 15201 ||| Stepping ~*~*~tactically~*~*~ (retreating).
 15214 | Lair:4   | Identified the +2 glaive of Armageddon {elec, rElec rF+
                  | Int+3} (Okawaru gifted it to you on level 4 of the Lair of
                  | Beasts)
 15214 | Lair:4   | Received a gift from Okawaru
 15298 | Lair:5   | Entered Level 5 of the Lair of Beasts
 15318 | Lair:5   | 15318 ||| PLANNING D:1-11
 15318 | Lair:5   | 15318 ||| INVOKING Heroism.
 15334 | Lair:5   | 15334 ||| Stepping ~*~*~tactically~*~*~ (retreating).
 15344 | Lair:5   | 15344 ||| INVOKING Finesse.
 15345 | Lair:5   | 15345 ||| INVOKING Heroism.
 15350 | Lair:5   | 15350 ||| Stepping ~*~*~tactically~*~*~ (retreating).
 15351 | Lair:5   | 15351 ||| Stepping ~*~*~tactically~*~*~ (retreating).
 15352 | Lair:5   | 15352 ||| Stepping ~*~*~tactically~*~*~ (retreating).
 15353 | Lair:5   | 15353 ||| Stepping ~*~*~tactically~*~*~ (retreating).
 15354 | Lair:5   | 15354 ||| Stepping ~*~*~tactically~*~*~ (retreating).
 15394 | Lair:5   | Received a gift from Okawaru
 15858 | D:11     | 15858 ||| PLANNING LAIR
 16007 | Lair:5   | 16007 ||| SWAPPING to +6 arbalest of electrocution.
 16008 | Lair:5   | 16008 ||| DROPPING +0 heavy orcbow.
 16009 | Lair:5   | 16009 ||| READING 2 scrolls of brand weapon.
 16009 | Lair:5   | 16009 ||| BRANDING +6 arbalest of electrocution.
 16010 | Lair:5   | 16010 ||| READING scroll of brand weapon.
 16010 | Lair:5   | 16010 ||| BRANDING +6 arbalest of chaos.
 16053 | Lair:5   | 16053 ||| RETREATING.
 16101 | Lair:5   | 16101 ||| RETREATING.
 16239 | Lair:5   | 16239 ||| RETREATING.
 16245 | Lair:5   | 16245 ||| Stepping ~*~*~tactically~*~*~ (retreating).
 16253 | Lair:5   | 16253 ||| INVOKING Heroism.
 16399 | Lair:5   | Found a staircase to the Slime Pits.
 16400 | Lair:5   | Found a viscous altar of Jiyva.
 16420 | Lair:5   | 16420 ||| INVOKING Heroism.
 16462 | Lair:5   | 16462 ||| RETREATING.
 16464 | Lair:5   | 16464 ||| Stepping ~*~*~tactically~*~*~ (retreating).
 16465 | Lair:5   | 16465 ||| Stepping ~*~*~tactically~*~*~ (retreating).
 16466 | Lair:5   | 16466 ||| STAIRDANCE
 16475 | Lair:5   | 16475 ||| STAIRDANCE
 16534 | Lair:5   | 16534 ||| Stepping ~*~*~tactically~*~*~ (retreating).
 16535 | Lair:5   | 16535 ||| Stepping ~*~*~tactically~*~*~ (retreating).
 16536 | Lair:5   | 16536 ||| Stepping ~*~*~tactically~*~*~ (retreating).
 16537 | Lair:5   | 16537 ||| Stepping ~*~*~tactically~*~*~ (retreating).
 16538 | Lair:5   | 16538 ||| Stepping ~*~*~tactically~*~*~ (retreating).
 16539 | Lair:5   | 16539 ||| Stepping ~*~*~tactically~*~*~ (retreating).
 16540 | Lair:5   | 16540 ||| Stepping ~*~*~tactically~*~*~ (retreating).
 16541 | Lair:5   | 16541 ||| Stepping ~*~*~tactically~*~*~ (retreating).
 16548 | Lair:5   | 16548 ||| INVOKING Heroism.
 16615 | Lair:5   | 16615 ||| RETREATING.
 16620 | Lair:5   | 16620 ||| Stepping ~*~*~tactically~*~*~ (retreating).
 16621 | Lair:5   | 16621 ||| Stepping ~*~*~tactically~*~*~ (retreating).
 16622 | Lair:5   | 16622 ||| Stepping ~*~*~tactically~*~*~ (retreating).
 16623 | Lair:5   | 16623 ||| Stepping ~*~*~tactically~*~*~ (retreating).
 16626 | Lair:5   | 16626 ||| Stepping ~*~*~tactically~*~*~ (retreating).
 16627 | Lair:5   | 16627 ||| INVOKING Heroism.
 16628 | Lair:5   | 16628 ||| INVOKING Finesse.
 16633 | Lair:5   | Reached skill level 17 in Ranged Weapons
 16716 | Lair:5   | Found the +5 robe of Night {Dark Will+ SInv}
 16717 | Lair:5   | 16717 ||| RETREATING.
 16720 | Lair:5   | 16720 ||| Stepping ~*~*~tactically~*~*~ (retreating).
 16721 | Lair:5   | 16721 ||| Stepping ~*~*~tactically~*~*~ (retreating).
 16722 | Lair:5   | 16722 ||| Stepping ~*~*~tactically~*~*~ (retreating).
 16724 | Lair:5   | 16724 ||| INVOKING Heroism.
 16738 | Lair:5   | 16738 ||| Stepping ~*~*~tactically~*~*~ (retreating).
 16739 | Lair:5   | 16739 ||| Stepping ~*~*~tactically~*~*~ (retreating).
 16740 | Lair:5   | 16740 ||| Stepping ~*~*~tactically~*~*~ (retreating).
 16741 | Lair:5   | 16741 ||| Stepping ~*~*~tactically~*~*~ (retreating).
 16795 | Lair:5   | 16795 ||| INVOKING Heroism.
 16857 | Lair:5   | 16857 ||| RETREATING.
 16929 | Lair:5   | 16929 ||| INVOKING Heroism.
 17040 | Lair:5   | 17040 ||| INVOKING Heroism.
 17349 | Lair:5   | 17349 ||| PLANNING D
 17349 | Lair:5   | 17349 ||| UPGRADING to +5 robe of Night {Dark Will+ SInv}.
 17359 | Lair:5   | 17359 ||| REMOVING ring of see invisible.
 17480 | D:12     | Reached XP level 15. HP: 86/100 MP: 20/20
 17539 | D:12     | 17539 ||| FLEEEEING.
 17540 | D:12     | 17540 ||| FLEEEEING.
 17541 | D:12     | 17541 ||| FLEEEEING.
 17552 | D:12     | 17552 ||| FLEEEEING.
 17553 | D:12     | 17553 ||| FLEEEEING.
 17554 | D:12     | 17554 ||| FLEEEEING.
 17555 | D:12     | 17555 ||| FLEEEEING.
 17556 | D:12     | 17556 ||| FLEEEEING.
 17917 | D:12     | Reached skill level 18 in Ranged Weapons
 18222 | D:12     | 18222 ||| READING 16 scrolls of teleportation.
 18223 | D:12     | 18223 ||| INVOKING Heroism.
 18274 | D:12     | 18274 ||| READING 15 scrolls of teleportation.
 18424 | D:12     | 18424 ||| DROPPING +2 helmet.
 18545 | D:13     | Found Feri Tae's Book Shoppe.
 18663 | D:13     | 18663 ||| INVOKING Heroism.
 18666 | D:13     | 18666 ||| READING 14 scrolls of teleportation.
 18684 | D:13     | Identified the +7 falchion of Upheaval {venom, *Noise rC+++
                  | rCorr Dex+3}
 18699 | D:13     | 18699 ||| Stepping ~*~*~tactically~*~*~ (outnumbered).
 18702 | D:13     | 18702 ||| Stepping ~*~*~tactically~*~*~ (outnumbered).
 18705 | D:13     | 18705 ||| Stepping ~*~*~tactically~*~*~ (outnumbered).
 18763 | D:13     | 18763 ||| INVOKING Heroism.
 18864 | Abyss:2  | Cast into level 2 of the Abyss (a wizard)
 18918 | Abyss:2  | 18918 ||| INVOKING Heroism.
 18962 | Abyss:2  | Noticed an Executioner
 18968 | Abyss:2  | 18968 ||| INVOKING Heroism.
 18969 | Abyss:2  | HP: 23/100 [Executioner (15)]
 18970 | Abyss:2  | 18970 ||| READING 13 scrolls of teleportation.
 18970 | Abyss:2  | HP: 8/100 [Executioner (15)]
 18971 | Abyss:2  | HP: 1/100 [Executioner (8)]
 18972 | Abyss:2  | Mangled by an Executioner

Levels and vault maps discovered:
D:1:      lightli_arrival_maybe_door_vault, layout_basic,
          hellmonk_ecumenical_altar_heavens_door, chequers_serial_rivers_marsh
D:2:      layout_loops_corners, uniq_robin, uniq_jessica
D:3:      layout_rooms, lemuel_doored_altar, ebering_ghost_reflecting_pool
D:4:      layout_loops_ring, serial_shops, shop, amethyst_killhole,
          uniq_eustachio
D:5:      layout_cave_pools, beargit_hepliaklqana_dungeon_heroes,
          kennysheep_little_box, minmay_temple_entry_glassed_door,
          serial_bayou_ford_a, uniq_grinder, uniq_blork_the_orc, uniq_ijyb
D:6:      layout_basic, mainiacjoe_overflow_paths, serial_shops, shop,
          uniq_duvessa, uniq_pikel
D:7:      layout_cave_pools, kennysheep_okawaru_gauntlet, serial_bayou_pond_c
D:8:      layout_loops_corners, serial_shops, nicolae_shop_hallway_plus
D:9:      layout_roguey, grunt_temple_overflow_cloverleaf, grunt_qazlal_clouds,
          serial_shops, nicolae_take_the_stairs, uniq_grum
D:10:     nzn_winding_woodlands_stair_cross
          [nzn_winding_woodlands_5x15_longhouse,
          nzn_winding_woodlands_center_pierced_h,
          nzn_winding_woodlands_5x15_crooked, nzn_winding_woodlands_hourglass,
          nzn_winding_woodlands_5x5_closed_star,
          nzn_winding_woodlands_5x15_default,
          nzn_winding_woodlands_center_garden,
          nzn_winding_woodlands_5x15_cabin], layout_layer_cave, serial_shops,
          shop, nicolae_shop_tiny_statue_garden, nicolae_shop_getting_attention,
          shop
D:11:     layout_rooms, minmay_lair_entry_lava, david_orc_5,
          minmay_misc_feat_cross
D:12:     layout_roguey, hangedman_corner_corridor
D:13:     layout_loops_ring, david_vaults_1, serial_shops, kennysheep_mini
Temple:   nicolae_temple_x_marks_the_god
Lair:1:   layout_cave_pods, special_room [special_room_bee],
          chequers_serial_rivers_room_a
Lair:2:   layout_chaotic_city, grunt_megastairs_4
Lair:3:   layout_big_grid, minmay_shoals_entry_centaurs, spider_nest_entry_a,
          grunt_forest_large_clearings, infiniplex_staircase_pool_2, uniq_snorg
Lair:4:   layout_loops_ring, serial_bayou_shore_b
Lair:5:   minmay_lair_end_enchanted_forest, layout_gridlike,
          minmay_slime_entry_pillars
Abyss:2:  base:
D:6

Skill      XL: |  1  2  3  4  5  6  7  8  9 10 11 12 13 14 15 |
---------------+----------------------------------------------+-----
Ranged Weapons | 5 6 8 10 11 13 15 16 17 18 | 18.0
Fighting       | 3 5 6 8 10 11 13 14 | 14.1
Armour         | 1 2 3 5 6 8 9 |  9.1
Dodging        | 2 3 4 5 6 7 8 |  8.5
Invocations    | 1 4 7 10 | 10.0
Stealth        | |  1.1

Action                     |  1- 3 |  4- 6 |  7- 9 | 10-12 | 13-15 || total
---------------------------+-------+-------+-------+-------+-------++-------
   Fire: Shortbow          |   133 |   223 |   496 |   342 |       ||  1194
         Orcbow            |       |       |       |   587 |   464 ||  1051
         Arbalest          |       |       |       |       |   365 ||   365
 Invoke: Heroism           |       |       |       |    30 |    29 ||    59
         Finesse           |       |       |       |       |     4 ||     4
    Use: Scroll            |     2 |     9 |    11 |     7 |     9 ||    38
         Potion            |     2 |     1 |     4 |     1 |     1 ||     9
 Armour: Leather armour    |    47 |    27 |   142 |    37 |       ||   253
         Ring mail         |       |    31 |       |   232 |   202 ||   465
         Skin              |       |       |       |     3 |       ||     3
         Robe              |       |       |       |       |    44 ||    44
  Dodge: Dodged            |    56 |    67 |   167 |   432 |   311 ||  1033
  Block: Other             |       |       |       |    95 |   123 ||   218
         Reflection        |       |       |       |     6 |     3 ||     9

Table legend:
 A = Non-vault XP
 B = Vault XP
 C = Vault XP percentage of total XP
 D = Non-vault monster count
 E = Vault monster count
 F = Vault count percentage of total count
                 A         B        C        D         E       F
            +---------+---------+-------+---------+---------+-------
      Total |   67961 |   31220 |  31.5 |     371 |     183 |  33.0
            +---------+---------+-------+---------+---------+-------
        D:1 |      33 |       0 |   0.0 |      18 |       0 |   0.0
        D:2 |     106 |      72 |  40.4 |      25 |      12 |  32.4
        D:3 |      39 |     202 |  83.8 |      19 |       1 |   5.0
        D:4 |     362 |       0 |   0.0 |      28 |       0 |   0.0
        D:5 |     343 |     491 |  58.9 |      19 |       4 |  17.4
        D:6 |     741 |     883 |  54.4 |      22 |       3 |  12.0
        D:7 |     456 |       4 |   0.9 |      11 |       2 |  15.4
        D:8 |    1465 |       0 |   0.0 |      12 |       0 |   0.0
        D:9 |    2296 |     415 |  15.3 |      29 |       3 |   9.4
       D:10 |    2578 |   10097 |  79.7 |      10 |      39 |  79.6
       D:11 |    3653 |    1086 |  22.9 |      10 |      23 |  69.7
       D:12 |    2055 |    3034 |  59.6 |       6 |       6 |  50.0
       D:13 |    4704 |     613 |  11.5 |      13 |       2 |  13.3
     Lair:1 |    5708 |    1818 |  24.2 |      21 |      25 |  54.3
     Lair:2 |    4628 |    1131 |  19.6 |      15 |       4 |  21.1
     Lair:3 |    8872 |    1928 |  17.9 |      17 |       6 |  26.1
     Lair:4 |    9772 |     658 |   6.3 |      46 |       5 |   9.8
     Lair:5 |   17102 |    8788 |  33.9 |      44 |      48 |  52.2
    Abyss:2 |    3048 |       0 |   0.0 |       6 |       0 |   0.0
            +---------+---------+-------+---------+---------+-------
